 Dungeon Crawl Stone Soup version 0.29-a0-322-g68df515428 (webtiles) character file.

Game seed: 16697391395477039285

558 odemus the Conjurer (level 7, 0/46 HPs)
             Began as a Human Conjurer on Apr 6, 2022.
             Slain by a black bear (5 damage)
             ... on level 3 of the Dungeon.
             The game lasted 01:02:08 (6497 turns).

odemus the Conjurer (Human Conjurer)                Turns: 6497, Time: 01:02:09

Health: 0/46       AC:  4    Str:  7    XL:     7   Next: 56%
Magic:  2/13       EV: 12    Int: 23    God:
Gold:   206        SH:  0    Dex: 11    Spells: 10/15 levels left

rFire   . . .      SeeInvis .   d - +0 short sword
rCold   + . .      Faith    .   (no shield)
rNeg    + . .      Spirit   .   a - +0 robe
rPois   .          Reflect  .   (no helmet)
rElec   .          Harm     .   (no cloak)
rCorr   .          Rampage  .   p - +0 pair of gloves
Will    .....                   q - +0 pair of boots
Stlth   ++........              (no amulet)
HPRegen 0.15/turn               u - ring of positive energy
MPRegen 0.13/turn               (no ring)

@: no status effects
A: clever 1, cold resistance 1, sturdy frame 1
a: no special abilities


You were on level 3 of the Dungeon.
You visited 1 branch of the dungeon, and saw 4 of its levels.

You collected 206 gold pieces.

Inventory:

Hand Weapons
 d - a +0 short sword (weapon)
Missiles
 c - 70 stones
 n - a throwing net
 s - 4 boomerangs
Armour
 a - a +0 robe (worn)
 b - a +0 ring mail
 f - a +0 leather armour
 i - a +0 ring mail
 j - a +0 helmet
 p - a +0 pair of gloves (worn)
 q - a +0 pair of boots (worn)
 A - a +0 robe
Jewellery
 u - a ring of positive energy (left hand)
Scrolls
 e - a scroll of enchant armour {unknown}
 g - 7 scrolls of identify
 h - a scroll of blinking {unknown}
 k - 2 scrolls of teleportation
 l - 2 scrolls of fog {unknown}
 m - 3 scrolls of enchant weapon {unknown}
 x - a scroll of immolation {unknown}
 y - a scroll of torment {unknown}
Potions
 o - a potion of resistance {unknown}
 r - a potion of degeneration {unknown}
 t - a potion of ambrosia {unknown}
 v - a potion of brilliance {unknown}
 z - a potion of berserk rage
 B - 2 potions of curing {unknown}


   Skills:
 + Level 2.3 Dodging
 * Level 3.4 Stealth
 * Level 4.6 Spellcasting
 * Level 6.4 Conjurations
 + Level 0.3 Hexes
 + Level 0.2 Evocations


You had 10 spell levels left.
You knew the following spells:

 Your Spells              Type           Power      Damage    Failure   Level
a - Magic Dart            Conj           100%       1d8       1%          1
b - Fulminant Prism       Conj/Hex       10%        3d9       24%         4

Your spell library contained the following spells:

 Spells                   Type           Power      Damage    Failure   Level
 Searing Ray              Conj           70%        2d7       1%          2
 Dazzling Flash           Conj/Hex       42%        N/A       8%          3
 Iskenderun's Mystic Bla  Conj/Tloc      20%        2d6       26%         4


Dungeon Overview and Level Annotations

Branches:
Dungeon (4/15)
 Temple: D:4-7

Altars:
Wu Jian


Innate Abilities, Weirdness & Mutations

Your mind is acute. (Int +2)
Your flesh is cold resistant. (rC+)
Your movements are slightly less encumbered by armour. (ER -2)


Message History

The black bear claws you but does no damage.
The black bear bites you but does no damage.
The black bear claws you. x2
Casting: Magic Dart (safe; 1% risk of failure)
Confirm with . or Enter, or press ? or * to list all spells.
Aiming: Magic Dart (safe; 1% risk of failure)
Press: ? - help, Shift-Dir - straight line, f/p - black bear
Aim: a black bear (severely wounded, berserk, 100% to hit)
The magic dart hits the black bear.
The black bear is severely wounded.
The black bear barely misses you. The black bear claws you.
The black bear barely misses you.
Casting: Magic Dart (safe; 1% risk of failure)
Confirm with . or Enter, or press ? or * to list all spells.
Aiming: Magic Dart (safe; 1% risk of failure)
Press: ? - help, Shift-Dir - straight line, f/p - black bear
Aim: a black bear (severely wounded, berserk, 100% to hit)
The magic dart hits the black bear.
The black bear is almost dead.
The black bear barely misses you.
The black bear claws you but does no damage.
The black bear claws you. The black bear barely misses you.
The black bear closely misses you. The black bear claws you.
Casting: Magic Dart (safe; 1% risk of failure)
Confirm with . or Enter, or press ? or * to list all spells.
You don't know that spell.
You completely miss the black bear.
The black bear is almost dead.
The black bear bites you but does no damage.
The black bear claws you but does no damage. x2
You completely miss the black bear.
The black bear is almost dead.
The black bear bites you.
* * * LOW HITPOINT WARNING * * *
The black bear claws you.
* * * LOW HITPOINT WARNING * * *
The black bear barely misses you. The black bear bites you.
* * * LOW HITPOINT WARNING * * *
The black bear closely misses you. The black bear claws you.
You die...

### ..# ..# ..#
..#
..################
...............h@#
#.########.#######
#.# #.# #.# #)#
#.# #.# #.# #.#
#.########.#
).......##.#
........##.#


You could see a black bear (berserk).

Vanquished Creatures
  A black bear (D:4)
  A sky beast (D:4)
  An ogre (D:4)
  A bullfrog (D:3)
  2 orc wizards (D:3)
  3 adders
  2 worms
  3 dart slugs (D:2)
  18 orcs
  11 endoplasms
  4 giant cockroaches
  12 goblins
  10 hobgoblins
  15 jackals
  5 kobolds
  6 quokkas
  9 ball pythons
  9 bats
  7 frilled lizards
  5 rats
125 creatures vanquished.

Vanquished Creatures (others)
  6 fulminant prisms
6 creatures vanquished.

Grand Total: 131 creatures vanquished

Notes
Turn   | Place    | Note
-------+----------+-------------------------------------------
     0 | D:1      | odemus the Human Conjurer began the quest for the Orb.
     0 | D:1      | Reached XP level 1. HP: 13/13 MP: 3/3
   242 | D:1      | Reached XP level 2. HP: 19/19 MP: 0/5
   938 | D:1      | Reached XP level 3. HP: 24/24 MP: 4/6
  1420 | D:1      | Found a faded altar of an unknown god.
  2052 | D:2      | Reached XP level 4. HP: 22/30 MP: 1/7
  2569 | D:1      | Reached skill level 5 in Conjurations
  2704 | D:1      | Gained mutation: Your flesh is cold resistant. (rC+)
                  | [potion of mutation]
  2704 | D:1      | Gained mutation: Your mind is acute. (Int +2) [potion of
                  | mutation]
  2704 | D:1      | Gained mutation: Your movements are slightly less
                  | encumbered by armour. (ER -2) [potion of mutation]
  3357 | D:3      | Noticed a bullfrog
  3371 | D:3      | Killed a bullfrog
  3372 | D:3      | Reached XP level 5. HP: 13/35 MP: 2/9
  4114 | D:3      | Reached XP level 6. HP: 41/41 MP: 10/10
  4553 | D:3      | Learned a level 4 spell: Fulminant Prism
  4878 | D:4      | Noticed a black bear
  5249 | D:4      | Found an ornate altar of the Wu Jian Council.
  5770 | D:4      | Noticed an ogre
  5778 | D:4      | Noticed a black bear
  5782 | D:4      | Killed an ogre
  5783 | D:4      | Reached skill level 6 in Conjurations
  5783 | D:4      | Reached XP level 7. HP: 13/46 MP: 8/13
  6497 | D:3      | Slain by a black bear

Illustrated notes

Levels and vault maps discovered:
D:1:      dpeg_arrival_rooms_b, layout_loops_corners,
          hellmonk_ecumenical_altar_slurped_away, minmay_tetromino_t2
D:2:      layout_basic
D:3:      minmay_chambers_of_threes, layout_basic
D:4:      layout_loops_corners, nzn_wu_jian_council_hall, item_on_display_a

Skill      XL: |  1  2  3  4  5  6 |
---------------+-------------------+-----
Conjurations   | 5 6 |  6.4
Spellcasting   | 3 4 |  4.6
Stealth        | 3 |  3.4
Dodging        | |  2.3
Hexes          | |  0.3
Evocations     | |  0.2

Action                   |  1- 3 |  4- 6 |  7- 9 || total
-------------------------+-------+-------+-------++-------
Melee: Unarmed           |     3 |       |       ||     3
       Short sword       |     2 |     5 |     2 ||     9
 Cast: Magic Dart        |    83 |   156 |    21 ||   260
       Fulminant Prism   |       |     2 |     4 ||     6
Evoke: Wand              |       |     4 |     4 ||     8
  Use: Potion            |       |     3 |       ||     3
       Scroll            |       |     1 |     2 ||     3
Armor: Robe              |     9 |    15 |     8 ||    32
Dodge: Dodged            |    24 |    66 |    17 ||   107

Table legend: (Time is in decaauts)
 A = Elapsed time spent in this place.
 B = Non-inter-level travel time spent in this place.
 C = Inter-level travel time spent in this place.
 D = Time resting spent in this place.
 E = Time spent auto-exploring this place.
 F = Levels seen in this place.
 G = Mean time per level.
                   A        B        C        D        E       F      G
               +--------+--------+--------+--------+--------+-----+--------+
         Total |   6521 |   6521 |      0 |      0 |    766 |   4 | 1630.2 |
       Dungeon |   6521 |   6521 |      0 |      0 |    766 |   4 | 1630.2 |
               +--------+--------+--------+--------+--------+-----+--------+

Top non-repeatable levels by time:
     D:1: 2478 daAuts
     D:3: 2128 daAuts
     D:4: 1191 daAuts
     D:2: 721 daAuts
